 Dungeon Crawl Stone Soup version 0.29-a0-409-gd843f3a48c (webtiles) character file.

Game seed: 15653215853306148858

49 Pelinal the Insei (level 3, -1/27 HPs)
             Began as a Vine Stalker Transmuter on May 14, 2022.
             Slain by a hound (3 damage)
             ... on level 2 of the Dungeon.
             The game lasted 00:02:04 (1370 turns).

Pelinal the Insei (Vine Stalker Transmuter)         Turns: 1370, Time: 00:02:04

Health: -1/27      AC: 21    Str: 12    XL:     3   Next: 77%
Magic:  0/7        EV:  2    Int: 13    God:
Gold:   43         SH:  0    Dex: 16    Spells: 3/6 levels left

rFire   . . .      SeeInvis .     - Unarmed
rCold   . . .      Faith    .   (no shield)
rNeg    . . .      Spirit   +   (body armour currently unavailable)
rPois   +          Reflect  .   (helmet currently unavailable)
rElec   .          Harm     .   (cloak currently unavailable)
rCorr   .          Rampage  .   (gloves currently unavailable)
Will    .....      NoTele   +   (boots currently unavailable)
Stlth   +.........              (no amulet)
HPRegen 0.09/turn               (no ring)
MPRegen 0.10/turn               (no ring)

@: tree-form
A: stationary, stasis, torment immunity, boosted hp, (fangs 2), magic shield,
(antimagic bite), no potion heal 2
a: no special abilities


You were on level 2 of the Dungeon.
You were a tree.
You visited 1 branch of the dungeon, and saw 2 of its levels.

You collected 43 gold pieces.

Inventory:

Missiles
 d - 24 stones
Armour
 a - a +0 robe (melded)
Scrolls
 c - a scroll of identify {unknown}
 e - a scroll of teleportation {unknown}
 i - a scroll of fog {unknown}
Potions
 f - a potion of cancellation {unknown}
 g - 2 potions of brilliance {unknown}
 h - 3 potions of curing {unknown}


   Skills:
 - Level 1.2 Fighting
 - Level 1.8 Dodging
 - Level 3.2 Unarmed Combat
 - Level 2.4 Spellcasting
 + Level 3.2 Transmutations


You had 3 spell levels left.
You knew the following spells:

 Your Spells              Type           Power      Damage    Failure   Level
a - Beastly Appendage     Tmut           20%        N/A       6%          1
b - Wereblood             Tmut           10%        N/A       10%         2

Your spell library contained the following spells:

 Spells                   Type           Power      Damage    Failure   Level
 Sting                    Tmut/Pois      20%        1d4       13%         1
 Poisonous Vapours        Pois/Air       2%         N/A       36%         2
 Spider Form              Tmut/Pois      5%         N/A       36%         3
 Ice Form                 Ice/Tmut       5%         N/A       77%         4
 Olgreb's Toxic Radiance  Pois           1%         N/A       94%         4


Dungeon Overview and Level Annotations

Branches:
Dungeon (2/15)

Altars:


Innate Abilities, Weirdness & Mutations

You are a tree.
Your roots penetrate the ground, keeping you stationary.
You cannot be teleported.
You are immune to unholy pain and torment.
Your maximum health is greatly increased.
Your equipment is partially melded.
((You have extremely sharp teeth.))
When hurt, damage is shared between your health and your magic reserves.
((Your bite disrupts and absorbs the magic of your enemies.))
Potions cannot restore your health.


Message History

The hound is heavily wounded.
The hound bites you but does no damage.
You hit the hound.
The hound is severely wounded.
The hound bites you but does no damage.
You hit the hound but do no damage.
The hound is severely wounded.
The hound bites you but does no damage. x2
You barely miss the hound.
The hound is severely wounded.
The hound bites you but does no damage.
You hit the hound but do no damage.
The hound is severely wounded.
The hound bites you but does no damage.
The rat twitches its whiskers.
The hound bites you but does no damage.
You hit the hound.
The hound is almost dead.
The hound bites you but does no damage.
You closely miss the hound.
The hound is almost dead.
The hound bites you but does no damage.
You barely miss the hound.
The hound is almost dead.
The hound bites you.
* * * LOW HITPOINT WARNING * * *
The hound bites you.
You barely miss the hound.
The hound is almost dead.
The hound bites you but does no damage.
You closely miss the hound.
The hound is almost dead.
The hound bites you but does no damage.
You barely miss the hound.
The hound is almost dead.
The hound barely misses you. The hound bites you but does no damage.
You barely miss the hound.
The hound is almost dead.
The hound bites you.
You die...

..#.#......# ...#......#
####.##......#####.
#..........#.......
#.##..###..........
#.##....'..........
########.....###rr....#.
...........#.# #h##...#
...........#.###♣# ..##
...........#..##.# ..r.
...........##.##.# ..#.#
#############..#.#
..#).#= ##.#.# .## ..$
#.#.# .. ## #...#
##########..#
##...........#


You could see a hound and 2 rats.

Vanquished Creatures
  A worm (D:2)
  2 dart slugs
  5 ball pythons (D:1)
  2 endoplasms (D:1)
  4 giant cockroaches (D:1)
  3 goblins (D:1)
  4 hobgoblins
  2 jackals (D:2)
  2 quokkas (D:1)
  4 bats
  A frilled lizard (D:1)
  6 kobolds
  A rat (D:1)
  A spectral goblin (D:1)
38 creatures vanquished.

Notes
Turn   | Place    | Note
-------+----------+-------------------------------------------
     0 | D:1      | Pelinal the Vine Stalker Transmuter began the quest for the
                  | Orb.
     0 | D:1      | Reached XP level 1. HP: 9/9 MP: 4/4
    31 | D:1      | Reached skill level 1 in Fighting
   275 | D:1      | Found a faded altar of an unknown god.
   279 | D:1      | Reached XP level 2. HP: 14/14 MP: 4/6
   662 | D:1      | Reached XP level 3. HP: 16/18 MP: 5/7
  1115 | D:2      | Learned a level 2 spell: Wereblood
  1366 | D:2      | HP: 1/27 [hound (4)]
  1370 | D:2      | Slain by a hound

Illustrated notes

Levels and vault maps discovered:
D:1:      minmay_arrival_cross, layout_rooms,
          dreamdust_ecumenical_altar_drowned_temple
D:2:      layout_basic, basic_altar, grunt_ministairs_5, minmay_hexomino_r4

Skill      XL: |  1  2  3 |
---------------+----------+-----
Fighting       | 1 |  1.2
Transmutations | 3 |  3.2
Dodging        | |  1.8
Unarmed Combat | |  3.2
Spellcasting   | |  2.4

Action                   || total
-------------------------++-------
Melee: Unarmed           ||    87
       Kick              ||    23
       Bite              ||    16
       Headbutt          ||     8
 Cast: Beastly Appendage ||    22
  Use: Potion            ||     1
 Stab: Sleeping          ||     1
Armor: Robe              ||    18
       Skin              ||    14
Dodge: Dodged            ||    40

Table legend: (Time is in decaauts)
 A = Elapsed time spent in this place.
 B = Non-inter-level travel time spent in this place.
 C = Inter-level travel time spent in this place.
 D = Time resting spent in this place.
 E = Time spent auto-exploring this place.
 F = Levels seen in this place.
 G = Mean time per level.
                   A        B        C        D        E       F      G
               +--------+--------+--------+--------+--------+-----+--------+
         Total |   1368 |   1350 |     18 |    247 |    874 |   2 |  684.0 |
       Dungeon |   1368 |   1350 |     18 |    247 |    874 |   2 |  684.0 |
               +--------+--------+--------+--------+--------+-----+--------+

Top non-repeatable levels by time:
     D:1: 1103 daAuts
     D:2: 265 daAuts
